Map: Станция Кайрос РВ

Players

Vanya - Winner!

  • Race: Zerg Zerg
  • Spawn Location: 5:00

MODEUS

  • Race: Terran Terran
  • Spawn Location: 11:00

Event: 2019 WCS Summer

VOD

Have the link to the VOD?

Description

Time

  • Played on: July 12, 2019, 8:17 a.m.
  • Length: 5:41

All games in this series

Show
View Real Time Build Order
Export as new Build Order

Vanya Zerg - Winner!

Build Orders: Hatch First 

Get SALT Encoding   

  12  0:01  Drone  
  13  0:12  Overlord  
  13  0:17  Drone  
  14  0:30  Drone x2  
  16  0:48  Hatchery  
  15  0:51  Drone  
  15  0:54  Drone  
  17  0:58  Drone  
  18  1:08  Extractor  
  17  1:13  Spawning Pool  
  17  1:16  Drone  
  17  1:20  Drone  
  18  1:27  Drone  
  19  1:39  Drone  
  20  1:50  Drone  
  21  2:00  Queen x2  
  25  2:01  Zergling x4  
  25  2:08  Metabolic Boost  
  27  2:10  Overlord  
  27  2:12  Drone  
  28  2:31  Drone x2  
  28  2:33  Drone  
  28  2:34  Drone  
  28  2:36  Queen  
  34  2:38  Spore Crawler  
  34  2:42  Drone  
  36  2:44  Drone  
  36  3:00  Overlord  
  36  3:01  Overlord  
  36  3:10  Hatchery  
  35  3:13  Drone  
  35  3:19  Drone  
  37  3:20  Drone x3  
  37  3:22  Queen  
  37  3:23  Drone  
  42  3:28  Drone x2  
  44  3:37  Drone x2  
  44  3:38  Lair  
  46  3:41  Roach Warren  
  46  3:46  Zergling x6  
  46  3:47  Drone x2  
  50  3:49  Drone  
  51  3:56  Extractor  
  51  3:57  Extractor  
  51  3:59  Overlord  
  51  4:01  Drone  
  51  4:02  Overlord  
  50  4:04  Drone  
  51  4:14  Overlord  
  51  4:18  Overlord  
  51  4:23  Roach x3  
  56  4:25  Roach x3  
  62  4:31  Zergling x2  
  62  4:32  Zergling x2, Roach  
  66  4:39  Queen  
  66  4:42  Roach x2  
  68  4:52  Zergling x8  
  72  4:55  Zergling x4  
  74  5:00  Spire  
  74  5:05  Drone, Spore Crawler  
  74  5:06  Drone  
  74  5:08  Drone  
  74  5:09  Drone  
  76  5:16  Drone x2  
  76  5:17  Drone x2  
  80  5:23  Drone  
  80  5:26  Drone  
Show
View Real Time Build Order
Export as new Build Order

MODEUS Terran 

Build Orders: Reaper Expand, Hellion Banshee 

Get SALT Encoding   

  12  0:00  SCV  
  13  0:13  SCV  
  14  0:17  Supply Depot  
  14  0:25  SCV  
  15  0:38  SCV  
  15  0:39  Barracks  
  16  0:43  Refinery  
  16  0:50  SCV  
  17  1:02  SCV  
  18  1:14  SCV  
  19  1:26  Reaper  
  19  1:27  Orbital Command  
  20  1:41  Command Center  
  20  1:52  SCV  
  21  1:55  Refinery  
  21  1:59  Barracks Reactor  
  21  2:04  SCV, Supply Depot  
  22  2:16  SCV  
  22  2:22  Factory  
  23  2:30  SCV  
  23  2:35  Marine x2  
  26  2:42  SCV  
  27  2:53  Orbital Command  
  27  2:55  SCV  
  28  3:09  SCV  
  28  3:10  Starport  
  28  3:12  Barracks Tech Lab  
  28  3:19  Hellion x2  
  32  3:21  SCV  
  32  3:24  SCV  
  34  3:33  SCV  
  35  3:34  Starport  
  35  3:36  SCV  
  36  3:42  Supply Depot  
  36  3:45  SCV  
  37  3:48  SCV  
  37  3:52  Barracks Tech Lab  
  37  3:55  Viking, Cloaking Field  
  40  3:57  SCV  
  40  4:00  SCV  
  42  4:08  Hellion x2  
  42  4:09  SCV  
  43  4:13  SCV  
  44  4:22  Command Center  
  43  4:29  Hellion x2  
  40  4:43  Banshee x2  
  45  4:46  SCV x2  
  47  4:52  Command Center  
  47  4:57  Supply Depot  
  47  4:59  SCV  
  48  5:00  Barracks Tech Lab  
  48  5:01  SCV  
  49  5:07  Engineering Bay  
  49  5:10  Engineering Bay  
  49  5:11  SCV  
  49  5:12  Hellion x2  
  54  5:17  SCV  
Tags
 
Add a new tag
Caveats
  • Supply blocks, unpowered buildings, or Contaminate may cause inaccurate times.
  • Supply counts are checked every 10 seconds.